 Dungeon Crawl Stone Soup version 0.26-a0-712-ga5a9c9c9d0 (webtiles) character file.

Game seed: 5302846299653564411

550 Azzok the Chopper (level 7, 49/52 HPs)
             Began as a Demonspawn Berserker on Nov 5, 2020.
             Was a Priest of Trog.
             Quit the game on level 4 of the Dungeon.
             The game lasted 00:04:30 (4730 turns).

Azzok the Chopper (Demonspawn Berserker)            Turns: 4730, Time: 00:04:31

Health: 49/52      AC:  8    Str: 19    XL:     7   Next: 7%
Magic:  7/7        EV: 10    Int:  9    God:    Trog [***...]
Gold:   201        SH:  0    Dex: 14    Spells: 6/6 levels left

rFire    + . .     SeeInvis .   c - +2 spear (venom)
rCold    . . .     Faith    +   (no shield)
rNeg     . . .     Spirit   +   e - +0 scale mail
rPois    .         Reflect  .   d - +0 helmet
rElec    .         Harm     .   (no cloak)
rCorr    .         Rampage  .   (no gloves)
MR       .....                  h - +0 pair of boots
Stlth    +.........             v - amulet of faith
HPRegen  0.17/turn              (no ring)
MPRegen  0.20/turn              (no ring)

@: mildly poisoned (49 -> 47)
A: thin skeletal structure 1, fire resistance 1, magic shield, magic
regeneration, flame cloud immunity
a: Berserk, Trog's Hand, Renounce Religion


You were on level 4 of the Dungeon.
You worshipped Trog.
Trog was most pleased with you.
You visited 1 branch of the dungeon, and saw 4 of its levels.

You collected 201 gold pieces.

Inventory:

Hand Weapons
 a - a +0 hand axe
 c - a +2 spear of venom (weapon)
Armour
 d - a +0 helmet (worn)
 e - a +0 scale mail (worn)
 h - a +0 pair of boots (worn)
Jewellery
 v - an amulet of faith (around neck)
Wands
 t - a wand of flame (14)
Scrolls
 g - 12 scrolls of identify {unknown}
 i - 5 scrolls of remove curse {unknown}
 j - 3 scrolls of magic mapping {unknown}
 l - 3 scrolls of amnesia {unknown}
 m - a scroll of enchant weapon {unknown}
 w - a scroll of teleportation {unknown}
Potions
 b - a potion of heal wounds {unknown}
 f - a potion of curing {unknown}
 k - 2 potions of lignification {unknown}
 n - 3 potions of brilliance {unknown}
 o - a potion of resistance {unknown}
 p - a potion of haste {unknown}
 q - a potion of berserk rage {unknown}
 r - a potion of cancellation {unknown}
 s - a potion of might {unknown}
 u - a potion of invisibility


   Skills:
 - Level 3.0 Fighting
 + Level 7.4 Axes
 - Level 1.7 Armour
 - Level 1.7 Dodging


You had 6 spell levels left.
You didn't know any spells.
Your spell library was empty.

Dungeon Overview and Level Annotations

Branches:
Dungeon (4/15)
 Temple: D:4-7

Altars:
Uskayaw

Shops:
D:4 :


Innate Abilities, Weirdness & Mutations

You have a somewhat thin skeletal structure. (Dex +2, Stealth)
Your flesh is heat resistant. (rF+)
When hurt, damage is shared between your health and your magic reserves.
You regenerate magic rapidly.
You are immune to clouds of flame.


Message History

You kill the worker ant!
Trog accepts your kill.
You have reached level 7!
Your demonic ancestry asserts itself...
You feel less concerned about heat.
A worker ant comes into view.
A worker ant is nearby!
You feel sick.
You see here a worker ant corpse.
You feel sick.
You hit the worker ant.
The worker ant is poisoned.
The worker ant is moderately wounded.
The worker ant bites you but does no damage.
You hit the worker ant.
The worker ant looks as sick as possible!
The worker ant is almost dead.
You kill the worker ant!
Trog accepts your kill.
You feel sick.
Are you sure you want to abandon this character and quit the game? (Confirm with "yes".)

▒▒▒·▒ ····
▒·▒▒▒▒▒▒▒▒▒
▒·▒▒▒▒▒·········▒
▒········▒▒▒▒▒·▒
·▒·▒▒▒†▒·▒▒▒ ▒·▒
▒·····▒ ▒·▒
▒·▒▒▒·▒·▒·▒▒▒·▒
▒····@·····▒▒·▒
···▒▒▒▒·▒··▒·▒▒·▒
▒····▒····▒
·····▒····▒
▒·▒▒▒▒▒▒▒·▒
▒····▒····▒
▒▒▒▒·▒·▒▒▒▒ ▒·▒·▒
▒·<·▒


There were no monsters in sight!

Vanquished Creatures
  An orc warrior (D:2)
  A bullfrog skeleton (D:4)
  Natasha (thrice) (D:3)
  5 worker ants (D:4)
  2 orc wizards
  7 adders
  3 gnolls
  3 worms
  A dart slug (D:3)
  3 leopard geckos
  13 orcs
  A ball python (D:3)
  10 bats
  4 giant cockroaches
  4 goblins
  4 hobgoblins
  4 jackals (D:4)
  8 kobolds
  A quokka (D:2)
  2 frilled lizards (D:1)
  8 rats
88 creatures vanquished.

Vanquished Creatures (others)
  2 plants (D:4)
2 creatures vanquished.

Grand Total: 90 creatures vanquished

Notes
Turn   | Place    | Note
-------+----------+-------------------------------------------
     0 | D:1      | Azzok the Demonspawn Berserker began the quest for the Orb.
     0 | D:1      | Reached XP level 1. HP: 18/18 MP: 1/1
   100 | D:1      | Reached skill level 3 in Axes
   148 | D:1      | Gained mutation: You have a somewhat thin skeletal
                  | structure. (Dex +2, Stealth) [demonic ancestry]
   148 | D:1      | Reached XP level 2. HP: 24/24 MP: 2/2
  1063 | D:2      | Gained mutation: When hurt, damage is shared between your
                  | health and your magic reserves. [demonic ancestry]
  1063 | D:2      | Reached XP level 3. HP: 19/29 MP: 3/3
  1170 | D:2      | Reached skill level 4 in Axes
  1252 | D:2      | Reached ** piety under Trog
  1515 | D:2      | Gained mutation: Your flesh is heat resistant. (rF+)
                  | [demonic ancestry]
  1515 | D:2      | Reached XP level 4. HP: 35/35 MP: 4/4
  1611 | D:2      | Found a faded altar of an unknown god.
  2009 | D:3      | Noticed an orc warrior
  2112 | D:2      | Killed an orc warrior
  2112 | D:2      | Reached skill level 5 in Axes
  2112 | D:2      | Gained mutation: You regenerate magic rapidly. [demonic
                  | ancestry]
  2112 | D:2      | Reached XP level 5. HP: 13/41 MP: 2/5
  2603 | D:3      | Reached skill level 6 in Axes
  2642 | D:3      | Noticed Natasha
  2652 | D:3      | Killed Natasha
  2955 | D:3      | Noticed Natasha
  2956 | D:3      | Found a hide-covered altar of Uskayaw.
  2965 | D:3      | Killed Natasha
  2965 | D:3      | Reached XP level 6. HP: 28/47 MP: 3/6
  3308 | D:3      | Noticed Natasha
  3318 | D:3      | Killed Natasha
  4041 | D:4      | Found Sidedadd's Book Boutique.
  4085 | D:4      | Reached *** piety under Trog
  4102 | D:4      | Reached skill level 7 in Axes
  4722 | D:4      | Gained mutation: You are immune to clouds of flame.
                  | [demonic ancestry]
  4722 | D:4      | Reached XP level 7. HP: 50/52 MP: 7/7
  4730 | D:4      | Quit the game

Illustrated notes

Levels and vault maps discovered:
D:1:      eino_arrival_water_star, layout_basic, chequers_arboretum,
          kennysheep_flooded_box
D:2:      layout_basic, chequers_ecumenical_altar_simple_redux
D:3:      layout_rooms, lemuel_doored_altar, minmay_quantized, uniq_natasha
D:4:      layout_loops_corners, serial_shops, kennysheep_little_box,
          ebering_ghost_rock_garden, kennysheep_boxes

Skill      XL: |  1  2  3  4  5  6 |
---------------+-------------------+-----
Axes           | 3 4 5 6 7 |  7.4
Fighting       | |  3.0
Armour         | |  1.7
Dodging        | |  1.7

Action                   |  1- 3 |  4- 6 |  7- 9 || total
-------------------------+-------+-------+-------++-------
Melee: Spear             |    79 |   199 |     2 ||   280
       Hand axe          |     4 |       |       ||     4
Armor: Scale mail        |    34 |    78 |     1 ||   113
Dodge: Dodged            |    49 |    93 |       ||   142

Table legend: (Time is in decaauts)
 A = Elapsed time spent in this place.
 B = Non-inter-level travel time spent in this place.
 C = Inter-level travel time spent in this place.
 D = Time resting spent in this place.
 E = Time spent auto-exploring this place.
 F = Levels seen in this place.
 G = Mean time per level.
                   A        B        C        D        E       F      G
               +--------+--------+--------+--------+--------+-----+--------+
         Total |   4723 |   4598 |    125 |    792 |   3162 |   4 | 1180.8 |
       Dungeon |   4723 |   4598 |    125 |    792 |   3162 |   4 | 1180.8 |
               +--------+--------+--------+--------+--------+-----+--------+

Top non-repeatable levels by time:
     D:3: 1482 daAuts
     D:2: 1117 daAuts
     D:1: 1116 daAuts
     D:4: 1008 daAuts
